 Dungeon Crawl Stone Soup version 0.27-a0-1321-gd358eaa319 (webtiles) character file.

Game seed: 9685169442666017617

81 Froggeryz the Cudgeller (level 4, -3/36 HPs)
             Began as a Ghoul Gladiator on June 22, 2021.
             Slain by an orc (4 damage)
             ... on level 2 of the Dungeon.
             The game lasted 00:01:37 (1632 turns).

Froggeryz the Cudgeller (Ghoul Gladiator)           Turns: 1632, Time: 00:01:37

Health: -3/36      AC:  7    Str: 18    XL:     4   Next: 40%
Magic:  3/3        EV: 11    Int:  3    God:
Gold:   57         SH:  0    Dex: 10    Spells: 3/3 levels left

rFire    . . .     SeeInvis .   e - +0 mace
rCold    + . .     Faith    .   (no shield)
rNeg     + + +     Spirit   .   i - +0 ring mail
rPois    ∞         Reflect  .   c - +0 helmet
rElec    .         Harm     .   (no cloak)
rCorr    .         Rampage  .   (no gloves)
Will     .....                  b - +0 pair of boots
Stlth    ..........             (no amulet)
HPRegen  0.00/turn              (no ring)
MPRegen  0.08/turn              (no ring)

@: no status effects
A: claws 1, cold resistance 1, negative energy resistance 3, inhibited
regeneration, torment resistance 2
a: no special abilities


You were on level 2 of the Dungeon.
You visited 1 branch of the dungeon, and saw 3 of its levels.

You collected 57 gold pieces.

Inventory:

Hand Weapons
 a - a +0 flail
 e - a +0 mace (weapon)
Missiles
 d - 3 throwing nets (quivered)
Armour
 b - a +0 pair of boots (worn)
 c - a +0 helmet (worn)
 i - a +0 ring mail (worn)
Wands
 o - a wand of iceblast (7)
Scrolls
 f - a scroll of identify {unknown}
 g - a scroll of noise {unknown}
 h - a scroll of vulnerability {unknown}
 k - a scroll of fog {unknown}
 m - a scroll of acquirement {unknown}
 n - a scroll of holy word {unknown}
Potions
 j - 2 potions of resistance {unknown}
 l - a potion of cancellation {unknown}


   Skills:
 - Level 2.1 Fighting
 * Level 4.1 Maces & Flails
 - Level 1.7 Throwing
 + Level 1.7 Armour
 - Level 2.6 Dodging


You had 3 spell levels left.
You didn't know any spells.
Your spell library contained the following spells:

 Spells                   Type           Power      Damage    Failure   Level
 Animate Skeleton         Necr           0%         N/A       71%         1
 Pain                     Necr           0%         1d4       71%         1
 Summon Small Mammal      Summ           0%         N/A       71%         1
 Call Imp                 Summ           0%         N/A       85%         2
 Call Canine Familiar     Summ           0%         N/A       97%         3
 Summon Guardian Golem    Hex/Summ       0%         N/A       97%         3
 Vampiric Draining        Necr           0%         2d6       97%         3
 Animate Dead             Necr           0%         N/A       100%        4
 Summon Ice Beast         Ice/Summ       0%         N/A       100%        4
 Summon Lightning Spire   Summ/Air       0%         N/A       100%        4
 Agony                    Necr           0%         N/A       100%        5
 Haunt                    Necr/Summ      0%         N/A       100%        7
 Malign Gateway           Summ/Tloc      0%         N/A       100%        7
 Monstrous Menagerie      Summ           0%         N/A       100%        7
 Summon Horrible Things   Summ           0%         N/A       100%        8


Dungeon Overview and Level Annotations

Branches:
Dungeon (3/15)

Altars:
Xom


Innate Abilities, Weirdness & Mutations

You thrive by killing the living.
You are immune to poison.
You have sharp fingernails.
Your flesh is cold resistant. (rC+)
You are immune to negative energy. (rN+++)
You do not regenerate when monsters are visible.
You are immune to unholy pain and torment.


Message History

You barely miss the orc. The orc barely misses you.
The orc priest mumbles some strange prayers to Beogh against you.
Beogh smites you!
There is a stone staircase leading up here.
The orc hits you but does no damage. The orc barely misses you.
The orc hits you but does no damage.
You climb upwards.
There is a stone staircase leading down here.
You barely miss the orc. The orc barely misses you. The orc misses you.
The orc hits you with a +0 mace.
You hit the orc but do no damage. The orc barely misses you.
The orc hits you but does no damage.
You closely miss the orc. The orc hits you but does no damage. x2
You completely miss the orc. The orc hits you but does no damage. x2
You hit the orc.
The orc is heavily wounded.
The orc hits you but does no damage. x2; The orc hits you with a +0 falchion.
You are too injured to fight recklessly!
You are too injured to fight recklessly!
You closely miss the orc.
The orc is heavily wounded.
The orc barely misses you. The orc hits you with a +0 falchion.
The orc closely misses you.
You hit the orc.
The orc is heavily wounded.
The orc hits you but does no damage. The orc misses you.
You barely miss the orc.
The orc is heavily wounded.
The orc hits you but does no damage. The orc hits you with a +0 mace.
* * * LOW HITPOINT WARNING * * *
You hit the orc.
You kill the orc!
The orc hits you with a +0 mace.
* * * LOW HITPOINT WARNING * * *
You barely miss the orc. The orc hits you with a +0 mace.
* * * LOW HITPOINT WARNING * * *
You hit the orc.
The orc is lightly wounded.
The orc hits you with a +0 mace.
You die...

........# #.##.....# ........#
#.##.....# ....†...# #..#.....#
##### ##.###### ##.#.....#
#...# #.###########.#.....#
#...# #....#..............#
#...# #....#..............#
#...# #....#........).....#
##...## #....'........o@#####
#.....#
#....####################.....#
#.........# #..........##.....#
#......[..#
#..........##.###.##
#.........#
#...........#......#
#.........#
#...........#......#
#.........#
#...........#......#
#.........#
#...........#).....#
#.........#
#...........#......#


You could see an orc.

Vanquished Creatures
  2 adders (D:2)
  A dart slug (D:2)
  An orc (D:2)
  6 ball pythons
  7 bats
  3 endoplasms (D:2)
  2 giant cockroaches
  8 hobgoblins
  3 jackals (D:1)
  2 quokkas (D:1)
  4 frilled lizards
  5 goblins
  A jackal skeleton (D:3)
  4 kobolds
  5 rats
54 creatures vanquished.

Notes
Turn   | Place    | Note
-------+----------+-------------------------------------------
     0 | D:1      | Froggeryz the Ghoul Gladiator began the quest for the Orb.
     0 | D:1      | Reached XP level 1. HP: 17/17 MP: 0/0
    36 | D:1      | Found a faded altar of an unknown god.
   182 | D:1      | Reached skill level 3 in Maces & Flails
   190 | D:1      | Reached XP level 2. HP: 24/24 MP: 1/1
   380 | D:1      | Reached skill level 1 in Armour
   589 | D:2      | Reached XP level 3. HP: 26/29 MP: 2/2
  1126 | D:2      | Reached XP level 4. HP: 36/36 MP: 3/3
  1299 | D:2      | Reached skill level 4 in Maces & Flails
  1407 | D:3      | Noticed an ogre
  1586 | D:3      | Found a shimmering altar of Xom.
  1631 | D:2      | HP: 1/36 [orc (4)]
  1632 | D:2      | Slain by an orc

Illustrated notes

Levels and vault maps discovered:
D:1:      amcnicky_arrival_wind_blow, layout_rooms, basic_ecumenical_altar
D:2:      minmay_diamond_boxcup, layout_basic
D:3:      layout_loops_ring, old_standard_altar, grunt_ministairs_10,
          saegor_snake_ambush, uniq_grinder, uniq_natasha, uniq_sigmund,
          uniq_crazy_yiuf_cottage

Skill      XL: |  1  2  3  4 |
---------------+-------------+-----
Maces & Flails | 3 4 |  4.1
Armour         | 1 |  1.7
Fighting       | |  2.1
Throwing       | |  1.7
Dodging        | |  2.6

Action                   |  1- 3 |  4- 6 || total
-------------------------+-------+-------++-------
Melee: Flail             |     9 |       ||     9
       Mace              |   116 |    41 ||   157
Armor: Leather armour    |    39 |       ||    39
       Ring mail         |    28 |    37 ||    65
Dodge: Dodged            |   104 |    40 ||   144

Table legend: (Time is in decaauts)
 A = Elapsed time spent in this place.
 B = Non-inter-level travel time spent in this place.
 C = Inter-level travel time spent in this place.
 D = Time resting spent in this place.
 E = Time spent auto-exploring this place.
 F = Levels seen in this place.
 G = Mean time per level.
                   A        B        C        D        E       F      G
               +--------+--------+--------+--------+--------+-----+--------+
         Total |   1674 |   1602 |     72 |     51 |   1165 |   3 |  558.0 |
       Dungeon |   1674 |   1602 |     72 |     51 |   1165 |   3 |  558.0 |
               +--------+--------+--------+--------+--------+-----+--------+

Top non-repeatable levels by time:
     D:2: 973 daAuts
     D:1: 572 daAuts
     D:3: 128 daAuts
